 Dungeon Crawl Stone Soup version 0.29.1-15-g9cfb28693d (webtiles) character file.

Game seed: 11326525114488055121

57 croobank the Sneak (level 4, -13/31 HPs)
             Began as an Octopode Delver on Feb 27, 2023.
             Killed from afar by Robin (16 damage)
             ... with a bolt of dispelling energy
             ... on level 2 of the Dungeon.
             The game lasted 00:03:01 (2046 turns).

croobank the Sneak (Octopode Delver)                Turns: 2046, Time: 00:03:02

Health: -13/31     AC:  1    Str: 11    XL:     4   Next: 0%
Magic:  0/4        EV: 13    Int: 14    God:
Gold:   85         SH:  0    Dex: 13    Spells: 3/3 levels left

rFire   . . .      SeeInvis .   n - +2 short sword (drain)
rCold   . . .      Faith    .   (no shield)
rNeg    . . .      Spirit   +   (helmet restricted)
rPois   .          Reflect  .   p - amulet of guardian spirit
rElec   .          Harm     .   (no ring)
rCorr   .          Rampage  .   (no ring)
Will    .....                   (no ring)
Stlth   ++++......              (no ring)
HPRegen 0.10/turn               (no ring)
MPRegen 0.09/turn               (no ring)
                                (no ring)
                                (no ring)

@: mighty, brilliant
A: almost no armour, amphibious, 8 rings, camouflage 1, gelatinous body 1,
(nimble swimmer 1), tentacles
a: no special abilities


You were on level 2 of the Dungeon.
You visited 1 branch of the dungeon, and saw 6 of its levels.

You collected 85 gold pieces.

Inventory:

Hand Weapons
 a - a +0 hand axe
 i - a +0 dagger
 n - a +2 short sword of draining (weapon)
Missiles
 d - 15 poisoned darts (quivered)
Jewellery
 p - an amulet of guardian spirit (around mantle)
Wands
 f - a wand of digging (3)
Scrolls
 b - a scroll of fog
 c - 2 scrolls of magic mapping
 g - a scroll of identify {unknown}
 j - 3 scrolls of teleportation {unknown}
 k - a scroll of immolation {unknown}
 o - a scroll of vulnerability {unknown}
 q - a scroll of torment {unknown}
Potions
 e - a potion of haste
 m - a potion of curing {unknown}
 r - a potion of ambrosia {unknown}


   Skills:
 + Level 3.5 Fighting
 + Level 2.6 Axes
 + Level 2.6 Dodging
 + Level 7.1 Stealth


You had 3 spell levels left.
You didn't know any spells.
Your spell library contained the following spells:

 Spells                   Type           Power      Damage    Failure   Level
 Gell's Gravitas          Tloc           0%         N/A       65%         3
 Lesser Beckoning         Tloc           0%         N/A       65%         3
 Portal Projectile        Hex/Tloc       0%         N/A       65%         3
 Teleport Other           Tloc           0%         N/A       65%         3
 Tukima's Dance           Hex            0%         N/A       65%         3
 Blade Hands              Tmut           0%         N/A       100%        5


Dungeon Overview and Level Annotations

Branches:
Dungeon (6/15)
 Temple: D:4-7

Altars:

Annotations:
D:2 Robin
D:3 Natasha


Innate Abilities, Weirdness & Mutations

You cannot wear most types of armour.
You are amphibious.
You can wear up to eight rings at the same time.
Your skin changes colour to match your surroundings (Stealth+).
Your rubbery body absorbs attacks. (AC +1, EV +1)
((You are camouflaged when in or above water. (Stealth+)))
You have tentacles for arms and can constrict up to eight enemies at once.


Message History

You barely miss the goblin. You grab the goblin. You constrict the goblin.
The goblin barely misses you. The goblin hits you with a +0 dagger.
You hit the goblin.
You kill the goblin!
You constrict the goblin.
You kill the goblin!
You barely miss the goblin. You grab the goblin. You constrict the goblin.
The goblin misses you. The goblin barely misses you.
A goblin comes into view. It is wielding a +0 dagger.
You hit the goblin.
You kill the goblin!
You hit the hobgoblin. You drain the hobgoblin. You grab the hobgoblin.
You squeeze the hobgoblin.
You kill the hobgoblin!
Robin zaps a wand.
The bolt of dispelling energy hits you!
You have reached level 4!
There is an escape hatch in the ceiling, spattered with blood here.
Items here: ))) †.
You completely miss Robin. Your grab misses Robin.
Robin hits you with a +0 falchion!
* * * LOW HITPOINT WARNING * * *
You hit Robin but do no damage. You drain Robin. You grab Robin.
Robin is moderately wounded.
You constrict Robin, but do no damage. Robin throws the goblin at you!
The goblin hits you with a +0 dagger.
* * * LOW HITPOINT WARNING * * *
Okay, then.
Okay, then.
It was a potion of brilliance.
You feel clever all of a sudden.
You constrict Robin.
Robin zaps a wand.
The bolt of dispelling energy misses you.
The bolt of dispelling energy hits the goblin!
The goblin dies!
It was a potion of might.
You feel very mighty all of a sudden.
You constrict Robin.
Robin zaps a wand.
The bolt of dispelling energy hits you!
Your magical effects are unravelling.
Ouch! That really hurt!
You die...

........## ##..#.
...###..# #....
#.##....## ##.##.
#....#...## ##....>
####...##.###.#####
#######...## #.###
#.##########.#
#..g@))......#
##############


You could see Robin (very drained).

Vanquished Creatures
  2 adders (D:2)
  5 endoplasms
  2 giant cockroaches
  7 goblins
  3 hobgoblins
  5 kobolds
  2 quokkas
  4 ball pythons (D:1)
  A bat (D:1)
  A frilled lizard (D:2)
  3 rats
35 creatures vanquished.

Vanquished Creatures (others)
  A goblin (D:2)
1 creature vanquished.

Grand Total: 36 creatures vanquished

Notes
Turn   | Place    | Note
-------+----------+-------------------------------------------
     0 | D:5      | croobank the Octopode Delver began the quest for the Orb.
     0 | D:5      | Reached XP level 1. HP: 16/16 MP: 1/1
    10 | D:6      | Noticed an ice beast
    27 | D:6      | Noticed a bullfrog
   331 | D:4      | Noticed a scorpion
   453 | D:3      | Noticed Natasha
   457 | D:2      | Found a faded altar of an unknown god.
   512 | D:2      | Reached XP level 2. HP: 21/21 MP: 2/2
  1260 | D:1      | Reached XP level 3. HP: 26/26 MP: 3/3
  1802 | D:2      | Reached skill level 7 in Stealth
  2030 | D:2      | Noticed Robin
  2042 | D:2      | Reached XP level 4. HP: 14/31 MP: 1/4
  2046 | D:2      | Killed from afar by Robin

Illustrated notes

Levels and vault maps discovered:
D:1:      dpeg_arrival_another_circle, layout_loops_ring
D:2:      layout_loops_ring, ebering_ecumenical_altar_abandoned,
          kennysheep_generic_room_16, uniq_robin
D:3:      layout_loops_ring, eat_drink_and_be_merry_uskayaw, uniq_natasha
D:4:      layout_cave_pods, minmay_temple_entry_arrows,
          kennysheep_generic_room_9
D:5:      minmay_skewed_foursquare, layout_loops_ring, minivault_25
D:6:      layout_basic, mainiacjoe_overflow_tiny_flanked,
          grunt_decor_one_mirror, kennysheep_windowed_goal, uniq_menkaure,
          uniq_grinder

Skill      XL: |  1  2  3 |
---------------+----------+-----
Stealth        | 7 |  7.1
Fighting       | |  3.5
Axes           | |  2.6
Dodging        | |  2.6

Action                   |  1- 3 |  4- 6 || total
-------------------------+-------+-------++-------
Melee: Hand axe          |    29 |       ||    29
       Constrict         |    10 |     1 ||    11
       Tentacles         |     6 |       ||     6
       Punch             |     1 |       ||     1
       Short sword       |    27 |     2 ||    29
  Use: Scroll            |     1 |       ||     1
       Potion            |       |     2 ||     2
 Stab: Sleeping          |    13 |       ||    13
Armor: Skin              |     4 |       ||     4
Dodge: Dodged            |    31 |     1 ||    32
